 Dungeon Crawl Stone Soup version 0.19.5 (webtiles) character file.

56 JeffiDaFish the Shield-Bearer (level 3, -18/24 HPs)
             Began as a Gargoyle Fighter on Apr 11, 2017.
             Engulfed by a cloud of flame (27 damage)
             ... on level 2 of the Dungeon.
             The game lasted 00:03:21 (1474 turns).

JeffiDaFish the Shield-Bearer (Gargoyle Fighter)    Turns: 1474, Time: 00:03:23

Health: -18/24     AC: 10    Str: 19    XL:     3   Next: 97%
Magic:  3/3        EV:  4    Int:  8    God:
Gold:   57         SH:  9    Dex: 10    Spells: 0 memorised, 2 levels left

rFire  . . .     SeeInvis .     a - +0 flail
rCold  . . .     Gourm    .     b - +0 scale mail
rNeg   + . .     Faith    .     c - +0 shield
rPois  ∞         Spirit   .     (no helmet)
rElec  +         Reflect  .     (no cloak)
rCorr  +         Harm     .     (no gloves)
MR     .....                    (no boots)
Stlth  ..........               (no amulet)
                                j - -3 ring of evasion (curse)
                                e - ring of resist corrosion

@: no status effects
A: negative energy resistance 1, electricity resistance, unbreathing,
petrification resistance, rot immunity, AC +3
a: no special abilities


You were on level 2 of the Dungeon.
You were not hungry.

You visited 1 branch of the dungeon, and saw 2 of its levels.

You collected 57 gold pieces.

Inventory:

Hand Weapons
 a - a +0 flail (weapon)
Armour
 b - a +0 scale mail (worn)
 c - a +0 shield (worn)
Jewellery
 e - a ring of resist corrosion (left hand)
 i - an uncursed ring of magical power
 j - a cursed -3 ring of evasion (right hand)
Potions
 d - a potion of might
Comestibles
 f - a bread ration
 g - a fruit
 h - a chunk of flesh
 k - a meat ration


   Skills:
 + Level 3.7 Fighting
 + Level 2.6 Maces & Flails
 + Level 3.7 Armour
 + Level 0.2 Dodging
 + Level 0.2 Stealth
 + Level 3.9 Shields


You had 2 spell levels left.
You didn't know any spells.

Dungeon Overview and Level Annotations

Branches:
Dungeon (2/15)

Altars:
Hepliaklqana


Innate Abilities, Weirdness & Mutations

You are resistant to torment.
Your stone body is resilient. (AC +3)
You are immune to poison.
You resist negative energy. (rN+)
You are resistant to electric shocks. (rElec)
You can survive without breathing.
You are immune to petrification.
You are immune to rotting.


Message History

No target in view!
No target in view!
Things that are here:
a club; a kobold corpse
Found 10 sling bullets.
You see here 10 sling bullets.
You now have 57 gold pieces (gained 5).
l - a scroll labeled ZELAILEISH An adder comes into view.
The adder hisses angrily.
As you read the scroll labeled ZELAILEISH, it crumbles to dust.
The creatures around you are filled with an inner flame!
It was a scroll of immolation.
You sock the adder!
The adder explodes!
The fiery explosion engulfs you!
Ouch! That really hurt!
You are engulfed in roaring flames.
Ouch! That really hurt!
You die...

#.# ####....#### #########.###
#.........##
########.......<#..###.##........
#........###.#.###..........#...#
#.#####..###.#÷.#..........#_#..#
#.#####..##......#.#...#....#..##
..>..##..##..#..##.#...).......#
#.##.##..##..#.....#...###.....#
#...............@§.#........####
####>........#.##§##..<.....#
#######...#...§§..####...#
#.######.### #...#
#######.#.......### #...#
#......_..........## #...#
#.....#.#.#.##...... .....
#.....#.#........... ......
#.....#...#........ ......


There were no monsters in sight!

Vanquished Creatures
  4 adders (D:2)
  2 giant cockroaches (D:1)
  3 goblins
  2 hobgoblins (D:1)
  A ball python (D:2)
  5 bats (D:1)
  2 frilled lizards (D:1)
  2 kobolds
  4 rats
25 creatures vanquished.

Notes
Turn   | Place    | Note
-------+----------+-------------------------------------------
     0 | D:1      | JeffiDaFish the Gargoyle Fighter began the quest for the Orb.
     0 | D:1      | Reached XP level 1. HP: 14/14 MP: 1/1
     2 | D:1      | Noticed an ogre
     2 | D:1      | Noticed a spriggan
     4 | D:1      | Noticed a demigod
     4 | D:1      | Noticed a tengu
     6 | D:1      | Noticed a demonspawn
     8 | D:1      | Noticed a felid
     8 | D:1      | Noticed a centaur
    10 | D:1      | Noticed a naga
    10 | D:1      | Noticed an elf
    12 | D:1      | Noticed a dwarf
    12 | D:1      | Noticed a vampire
    14 | D:1      | Noticed a vine stalker
    16 | D:1      | Noticed a ghoul
    16 | D:1      | Noticed a halfling
    18 | D:1      | Noticed a gargoyle
    20 | D:1      | Noticed a minotaur
    20 | D:1      | Noticed a formicid
    22 | D:1      | Noticed a merfolk
    22 | D:1      | Noticed a draconian
    24 | D:1      | Noticed a human
    26 | D:1      | Noticed an octopode
    26 | D:1      | Noticed a troll
   386 | D:1      | Reached XP level 2. HP: 19/19 MP: 2/2
   952 | D:2      | Found a faded altar of an unknown god.
   958 | D:2      | Reached XP level 3. HP: 11/23 MP: 3/3
  1387 | D:2      | Found a hazy altar of Hepliaklqana.
  1474 | D:2      | Engulfed by a cloud of flame

Action                   || total
-------------------------++-------
Melee: Flail             ||   102
  Use: Potion            ||     6
       Scroll            ||     3
  Eat: Chunk             ||     2
Armor: Scale mail        ||    83
Dodge: Dodged            ||    37
Block: Shield            ||    69
